 Dungeon Sprint DCSS version 0.29.1 (webtiles) character file.

Game seed: 6581341592521448901

12198 rocky1 the Tortoise (level 11, -3/114 HPs)
             Began as a Minotaur Fighter on Sept 13, 2022.
             Was an Initiate of Gozag.
             Succumbed to a death drake's foul vapour
             ... in the Dungeon (Sprint III: "The Ten Rune Challenge").
             The game lasted 00:18:46 (5668 turns).

rocky1 the Tortoise (Minotaur Fighter)              Turns: 5668, Time: 00:18:47

Health: -3/114     AC: 23    Str: 19    XL:     11   Next: 59%
Magic:  8/8        EV: 11    Int: 15    God:    Gozag
Gold:   1993       SH:  0    Dex: 15    Spells: 10/10 levels left

rFire   + + +      SeeInvis .   a - +6 great sword of the Hugging Gods {vorpal, rF+ Int+4}
rCold   . . .      Faith    .   (shield currently unavailable)
rNeg    . . .      Spirit   .   r - +2 plate armour {rF+}
rPois   .          Reflect  .   (helmet restricted)
rElec   +          Harm     .   (no cloak)
rCorr   +          Rampage  .   (no gloves)
Will    .....      NoTele   +   (no boots)
Stlth   ..........              (no amulet)
HPRegen 0.29/turn               l - +4 ring of protection
MPRegen 0.11/turn               e - ring "Xirikhlu" {rElec rCorr Str-3 Int+6 Dex+2}

@: lethally poisoned (-3 -> -78), slowed, very slow
A: horns 2, retaliatory headbutt, hooves 1, fire resistance 1, low MP 1
a: Renounce Religion, Potion Petition, Call Merchant, Bribe Branch


You were in the Dungeon.
You worshipped Gozag.
Gozag was most pleased with you.
You visited 1 branch You collected 7296 gold pieces.
You spent 2818 gold pieces at shops.
You paid 2485 gold pieces to Gozag.

Inventory:

Hand Weapons
 a - the +6 great sword of the Hugging Gods (weapon) {vorpal, rF+ Int+4}
   (You bought it in a shop in the Dungeon)

   It inflicts extra damage upon your enemies.
   Int:       It affects your intelligence (+4).
   rF:        It protects you from fire.
 b - a +2 vorpal longbow
 i - a +0 long sword of holy wrath
 s - a +4 scimitar of flaming
Missiles
 d - 7 curare-tipped darts (quivered)
 u - 7 javelins
Armour
 c - a +0 buckler
 r - a +2 plate armour of fire resistance (worn)
Jewellery
 e - the ring "Xirikhlu" (right hand) {rElec rCorr Str-3 Int+6 Dex+2}
   (You bought it in a shop in the Dungeon)

   [ring of intelligence]

   Str:       It affects your strength (-3).
   Int:       It affects your intelligence (+6).
   Dex:       It affects your dexterity (+2).
   rElec:     It insulates you from electricity.
   rCorr:     It protects you from acid and corrosion.
 l - a +4 ring of protection (left hand)
Scrolls
 f - 2 scrolls of immolation
 k - a scroll of poison
 n - a scroll of torment
 o - a scroll of silence
Potions
 h - 3 potions of magic
 m - 4 potions of flight
 p - 5 potions of mutation
Miscellaneous
 q - a phial of floods


   Skills:
 + Level 16.1 Fighting
 + Level 14.9 Long Blades
 + Level 9.2 Ranged Weapons
 + Level 17.1 Armour
 + Level 11.0 Dodging
 - Level 0.3 Stealth
 - Level 11.6 Shields
 - Level 9.0 Evocations


You had 10 spell levels left.
You didn't know any spells.
Your spell library contained the following spells:

 Spells                   Type           Power      Damage    Failure   Level
 Slow                     Hex            0%         N/A       96%         1
 Confusing Touch          Hex            0%         N/A       100%        3
 Vampiric Draining        Necr           0%         2d6       100%        3


Dungeon Overview and Level Annotations

Branches:
Dungeon (1/1)

Altars:
Cheibriados
Dithmenos
Elyvilon
Fedhas
Gozag
Hepliaklqana
Kikubaaqudgha
Makhleb
Nemelex Xobeh
Okawaru
Qazlal
Ru
Sif Muna
Trog
Uskayaw
Vehumet
Wu Jian
Xom
Yredelemnul
Zin
The Shining One
Jiyva
Lugonu

Shops:
D ?(*=


Innate Abilities, Weirdness & Mutations

You have a pair of horns on your head.
You reflexively headbutt those who attack you in melee.
You have large cloven feet.
Your flesh is heat resistant. (rF+)
Your magical capacity is low. (-10% MP)


Message History

Aim: a death drake (foul pestilence, catching its breath, 60% to hit)
You shoot an arrow. The arrow misses the death drake.
You are engulfed in dark miasma.
You are poisoned.
You feel extremely sick.
The death drake bites you but does no damage.
You feel clever.
a - the +6 great sword of the Hugging Gods (weapon)
{vorpal, rF+ Int+4} You are engulfed in dark miasma.
You are more poisoned.
You feel very sick. The death drake barely misses you.
You slice the death drake!!
The death drake is heavily wounded.
You are engulfed in dark miasma.
You are more poisoned.
You feel extremely sick.
The death drake bites you but does no damage.
You slice the death drake!! You kick the death drake.
The death drake is almost dead.
You are engulfed in dark miasma.
You are lethally poisoned!
You feel yourself slow down.
You feel extremely sick. The death drake breathes miasma at you.
The foul vapour engulfs you!
You are more poisoned.
The death drake breathes miasma at you. The foul vapour engulfs you.
You are more poisoned.
You barely miss the death drake. Your kick misses the death drake.
The death drake is almost dead.
* * * LOW HITPOINT WARNING * * *
You feel extremely sick.
The death drake bites you but does no damage.
Unknown command.
Blink to where?
Press: ? - help, Dir - move target, p - death drake
As you read the scroll of blinking, it crumbles to dust.
You die...
Your body crumbles into a pile of gold.

******#..♣♣ ♣♣♣##)###
###'♣♣♣♣♣♣♣♣♣♣♣♣♣♣♣**#...')
**
♣♣♣♣.##..##~~~~~≈..#$$#...#)
,**
♣...##.##.#~~~~≈...#$$#...#.
*+*
♣♣.##.##.##'~~~≈≈####+#####.
,,*
♣..#.##.).#~~.°.°.○°,#...).
*****
♣♣.##.##..#°°°+#####*#.....
,,,,*
♣♣.##.#####k§°#,,,,,,#.....
,,,,*
♣.....##..@°°°#***,_,#.....
+*****########+######
****#+#### ,,,,,,,,,,,,**,**
*,,,,, ~~,,,,,,,,~~***,*
*,**** ~~~,,,,,,~~~* *,**
****** *,*$,, ~~~~~,,~~~~~*
**,* *,,,,* *,*,,,
~~~~~~~~~~~~* *,** *,,,,*
*,*,,, ~~~~~~~~~~~~* *,**
*,,,,* *,*,,, ~~~~~~~~~~~~*
*,,***,,,** *,*,**


You could see a death drake (catching breath).

Vanquished Creatures
  Harold (D)
  2 hydras (D)
  A centaur warrior (D)
  Erica (D)
  4 orc high priests (D)
  Urug (D)
  Joseph (D)
  A lindwurm (D)
  A deep elf pyromancer (D)
  An orc sorcerer (D)
  An unseen horror (D)
  2 cane toads (D)
  A komodo dragon (D)
  A queen bee (D)
  2 tyrant leeches (D)
  3 wandering mushrooms (D)
  A shadow (D)
  3 redbacks (D)
  A spatial vortex (D)
  An orc warrior (D)
  2 centaurs (D)
  An earth elemental (D)
  A necrophage (D)
  A water elemental (D)
  32 killer bees (D)
  An electric eel (D)
  A jelly (D)
  3 orc priests (D)
  Jessica (D)
  A wizard (D)
  A necromancer (D)
  4 orc wizards (D)
  A kobold demonologist (D)
  3 humans (D)
  A phantom (D)
  7 orcs (D)
  3 rats (D)
94 creatures vanquished.

Vanquished Creatures (others)
  2 orcs (D)
  12 plants (D)
14 creatures vanquished.

Grand Total: 108 creatures vanquished

Notes
Turn   | Place    | Note
-------+----------+-------------------------------------------
     0 | D        | rocky1 the Minotaur Fighter began the quest for the Orb.
     0 | D        | Reached XP level 1. HP: 19/19 MP: 0/0
    30 | D        | Noticed Jessica
    35 | D        | Killed Jessica
    36 | D        | Reached skill level 5 in Fighting
    36 | D        | Reached skill level 5 in Armour
    36 | D        | Reached skill level 5 in Shields
    36 | D        | Reached XP level 2. HP: 6/29 MP: 1/1
   321 | D        | Reached XP level 3. HP: 14/37 MP: 2/2
   606 | D        | Gained mutation: Your magical capacity is low. (-10% MP)
                  | [potion of mutation]
   606 | D        | Gained mutation: You have large cloven feet. [potion of
                  | mutation]
   606 | D        | Gained mutation: Your flesh is heat resistant. (rF+)
                  | [potion of mutation]
   610 | D        | Noticed a water elemental
   613 | D        | Killed a water elemental
   614 | D        | Reached skill level 7 in Armour
   614 | D        | Reached XP level 4. HP: 45/45 MP: 2/2
   807 | D        | Found a radiant altar of Vehumet.
   807 | D        | Found a shimmering blue altar of Sif Muna.
   807 | D        | Found an ancient bone altar of Kikubaaqudgha.
   807 | D        | Noticed a wizard
   815 | D        | Killed a wizard
   816 | D        | Reached skill level 5 in Long Blades
   816 | D        | Reached XP level 5. HP: 49/52 MP: 3/3
   841 | D        | Found a glowing silver altar of Zin.
   841 | D        | Found a glowing golden altar of the Shining One.
   841 | D        | Found a white marble altar of Elyvilon.
   842 | D        | Noticed a deep elf pyromancer
   854 | D        | Killed a deep elf pyromancer
   855 | D        | Reached skill level 10 in Fighting
   855 | D        | Reached skill level 10 in Armour
   855 | D        | Reached XP level 6. HP: 22/66 MP: 4/4
   855 | D        | Reached XP level 7. HP: 24/72 MP: 5/5
  1185 | D        | Found a basalt altar of Yredelemnul.
  1185 | D        | Found a shadowy altar of Dithmenos.
  1185 | D        | Found a sacrificial altar of Ru.
  1188 | D        | Reached skill level 11 in Armour
  1200 | D        | Noticed a shadow
  1206 | D        | Killed a shadow
  1538 | D        | Found a blossoming altar of Fedhas.
  1538 | D        | Found a stormy altar of Qazlal.
  1538 | D        | Found a snail-covered altar of Cheibriados.
  1538 | D        | Found a burning altar of Makhleb.
  1538 | D        | Found a shimmering altar of Xom.
  1538 | D        | Noticed a spatial vortex
  1539 | D        | Found a hazy altar of Hepliaklqana.
  1539 | D        | Found an opulent altar of Gozag.
  1539 | D        | Found a sparkling altar of Nemelex Xobeh.
  1539 | D        | Found a corrupted altar of Lugonu.
  1539 | D        | Found a viscous altar of Jiyva.
  1544 | D        | Became a worshipper of Gozag Ym Sagoz the Greedy
  1561 | D        | Killed a spatial vortex
  1562 | D        | Reached skill level 10 in Long Blades
  1562 | D        | Reached skill level 12 in Armour
  1562 | D        | Reached skill level 10 in Shields
  1562 | D        | Reached skill level 1 in Evocations
  1618 | D        | Found a hide-covered altar of Uskayaw.
  1618 | D        | Found an iron altar of Okawaru.
  1624 | D        | Found a bloodstained altar of Trog.
  1624 | D        | Found an ornate altar of the Wu Jian Council.
  1624 | D        | Noticed a human
  1625 | D        | Noticed a human
  1640 | D        | Killed a human
  1641 | D        | Reached XP level 8. HP: 74/82 MP: 6/6
  1774 | D        | Noticed Erica
  1794 | D        | Killed Erica
  1795 | D        | Reached skill level 13 in Armour
  2109 | D        | Found Odareh's Magic Scroll Shoppe.
  2155 | D        | Reached XP level 9. HP: 90/90 MP: 7/7
  2156 | D        | Noticed an orc high priest
  2173 | D        | Noticed a soul eater
  2173 | D        | Noticed an orc sorcerer
  2174 | D        | Noticed an orange demon
  2182 | D        | Killed an orc high priest
  2183 | D        | Reached skill level 5 in Evocations
  2192 | D        | Killed an orc sorcerer
  2193 | D        | Reached skill level 5 in Dodging
  2542 | D        | Bought a scroll of identify for 20 gold pieces
  2542 | D        | Bought a scroll of immolation for 40 gold pieces
  2542 | D        | Bought a scroll of magic mapping for 75 gold pieces
  2567 | D        | Reached skill level 14 in Armour
  2622 | D        | Noticed a centaur warrior
  2636 | D        | Killed a centaur warrior
  2905 | D        | Bought a +4 ring of protection for 504 gold pieces
  2905 | D        | Bought a scroll of immolation for 56 gold pieces
  2905 | D        | Bought a +2 plate armour of fire resistance for 560 gold
                  | pieces
  2920 | D        | Bought the ring "Xirikhlu" {rElec rCorr Str-3 Int+6 Dex+2}
                  | for 588 gold pieces
  3065 | D        | Killed an unseen horror
  3066 | D        | Reached skill level 1 in Ranged Weapons
  3066 | D        | Reached XP level 10. HP: 93/101 MP: 8/8
  3465 | D        | Reached skill level 15 in Armour
  3863 | D        | Noticed Harold
  3863 | D        | Noticed Joseph
  3871 | D        | Killed Harold
  3872 | D        | Reached skill level 5 in Ranged Weapons
  3885 | D        | Killed Joseph
  3978 | D        | Reached skill level 16 in Armour
  3978 | D        | Reached XP level 11. HP: 108/111 MP: 8/8
  4041 | D        | Reached skill level 15 in Fighting
  4046 | D        | Noticed a yaktaur captain
  4063 | D        | Noticed a yaktaur captain
  4063 | D        | Noticed a yaktaur captain
  5155 | D        | Bought a warped great sword for 345 gold pieces
  5155 | D        | Identified the +6 great sword of the Hugging Gods {vorpal,
                  | rF+ Int+4} (You bought it in a shop in the Dungeon)
  5155 | D        | Bought a pitted great sword for 345 gold pieces
  5155 | D        | Identified the +2 great sword of Bodily Humours {distort,
                  | rElec Str+5 Stlth-} (You bought it in a shop in the
                  | Dungeon)
  5155 | D        | Bought a glowing longbow for 285 gold pieces
  5180 | D        | Reached skill level 10 in Dodging
  5332 | D        | Noticed a lindwurm
  5337 | D        | Killed a lindwurm
  5350 | D        | Noticed Urug
  5353 | D        | Killed Urug
  5487 | D        | Noticed a four-headed hydra
  5487 | D        | Noticed a six-headed hydra
  5499 | D        | Killed a one-headed hydra
  5500 | D        | Reached skill level 17 in Armour
  5503 | D        | Killed a three-headed hydra
  5661 | D        | Noticed a death drake
  5668 | D        | Succumbed to a death drake's foul vapour

Illustrated notes

Levels and vault maps discovered:
D:        dungeon_sprint_mu [sprint_mu_entry_cave, sprint_mu_temple_rooms,
          sprint_mu_d1_horrors, sprint_mu_d2_genie, sprint_mu_d3_branching,
          sprint_mu_orc_legion, sprint_mu_elf_gauntlet, sprint_mu_hive_nellie,
          sprint_mu_lair_fedhas, sprint_mu_vaults_butterflies,
          sprint_mu_slime_circle, sprint_mu_swamp_cave, sprint_mu_shoals_kraken,
          sprint_mu_blade_basic, sprint_mu_crypt_lich, sprint_mu_tomb_spiral,
          sprint_mu_vestibule_basic, sprint_mu_gehenna_hellfire,
          sprint_mu_dis_giant, sprint_mu_tartarus_statrot,
          sprint_mu_cocytus_islands, sprint_mu_zot1]

Skill      XL: |  1  2  3  4  5  6  7  8  9 10 11 |
---------------+----------------------------------+-----
Fighting       | 5 6 7 10 11 13 14 16 | 16.1
Long Blades    | 3 4 5 8 10 12 14 | 14.9
Armour         | 5 7 10 12 13 14 16 17 | 17.1
Shields        | 5 7 9 10 11 | 11.6
Dodging        | 2 3 6 9 11 | 11.0
Evocations     | 2 4 6 8 9 |  9.0
Ranged Weapons | 1 6 9 |  9.2
Stealth        | |  0.3

Action                   |  1- 3 |  4- 6 |  7- 9 | 10-12 || total
-------------------------+-------+-------+-------+-------++-------
Melee: Long sword        |    31 |    14 |    49 |       ||    94
       Headbutt          |     1 |     5 |    19 |    40 ||    65
       Kick              |     2 |     2 |    40 |    62 ||   106
       Scimitar          |       |       |    71 |   173 ||   244
       Great sword       |       |       |       |    29 ||    29
 Fire: Longbow           |       |       |       |     3 ||     3
Invok: Call Merchant     |       |       |     2 |     1 ||     3
       Potion Petition   |       |       |     1 |       ||     1
  Use: Potion            |     2 |       |     4 |       ||     6
       Scroll            |       |       |     4 |     1 ||     5
 Stab: Distracted        |       |       |     1 |     2 ||     3
Armor: Scale mail        |     8 |     1 |    13 |       ||    22
       Chain mail        |       |       |    12 |       ||    12
       Plate armour      |       |       |     8 |    87 ||    95
Dodge: Dodged            |     8 |     2 |    35 |    62 ||   107
Block: Buckler           |     8 |     2 |    23 |    46 ||    79
